 Dungeon Crawl Stone Soup version 0.30-a0-743-gbfdf073431 (webtiles) character file.

Game seed: 9300906318600176883

525 kingofthe the Grasshopper (level 7, -1/56 HPs)
             Began as a Gnoll Warper on Feb 5, 2023.
             Was an Initiate of Okawaru.
             Slain by a gnoll
             ... wielding a +0 flail
             ... led by a gnoll bouda
              (10 damage)
             ... on level 4 of the Dungeon.
             The game lasted 00:11:22 (3740 turns).

kingofthe the Grasshopper (Gnoll Warper)            Turns: 3740, Time: 00:11:22

Health: -1/56      AC:  8    Str: 10    XL:     7   Next: 23%
Magic:  15/15      EV: 13    Int: 21    God:    Okawaru [......]
Gold:   237        SH:  0    Dex: 13    Spells: 12/17 levels left

rFire   . . .      SeeInvis .    a - +6 trident of Lusogil {pain, Will- Int+8 Stlth+}
rCold   . . .      Faith    .    (no shield)
rNeg    . . .      Spirit   .    l - +0 leather armour
rPois   .          Reflect  .    f - +1 hat
rElec   .          Harm     .    (no cloak)
rCorr   .          Rampage  .    (no gloves)
Will    .....                    (no boots)
Stlth   +++                      (no amulet)
HPRegen 0.29/turn                A - +4 ring of protection
MPRegen 0.14/turn                (no ring)

@: no status effects
A: fangs 1, strong nose, distributed training
a: Renounce Religion


You were on level 4 of the Dungeon.
You worshipped Okawaru.
Okawaru was noncommittal.
You visited 2 branches of the dungeon, and saw 6 of its levels.

You collected 237 gold pieces.

Inventory:

Hand Weapons
 a - the +6 trident of Lusogil (weapon) {pain, Will- Int+8 Stlth+}
   (You found it on level 3 of the Dungeon)

   Int:       It affects your intelligence (+8).
   Will:      It decreases your willpower.
   Stlth:     It makes you more stealthy.
 b - a +0 sling
 h - a +4 dagger of distortion
 n - a +1 short sword of distortion
 s - a +0 hand axe
 v - a +0 dagger of venom
 w - a +1 dagger of protection
Missiles
 d - 7 boomerangs of dispersal (quivered)
Armour
 f - a +1 hat (worn)
 k - a +0 helmet
 l - a +0 leather armour (worn)
 o - a +0 kite shield
Magical Staves
 r - a staff of death
Jewellery
 A - a +4 ring of protection (left hand)
Wands
 y - a wand of light (9)
Scrolls
 c - a scroll of blinking
 e - 2 scrolls of vulnerability {unknown}
 i - a scroll of silence {unknown}
 j - a scroll of magic mapping {unknown}
 q - 5 scrolls of identify {unknown}
 u - a scroll of butterflies {unknown}
 x - a scroll of immolation {unknown}
Potions
 g - a potion of lignification {unknown}
 m - 2 potions of attraction {unknown}
 p - 2 potions of heal wounds {unknown}
 t - a potion of curing {unknown}
 z - a potion of might {unknown}


   Skills:
 + Level 5.2 Fighting
 + Level 2.4 Short Blades
 + Level 2.4 Long Blades
 + Level 5.2 Axes
 + Level 2.4 Maces & Flails
 + Level 2.4 Polearms
 + Level 2.4 Staves
 + Level 2.4 Ranged Weapons
 + Level 3.6 Throwing
 + Level 3.6 Armour
 + Level 5.2 Dodging
 + Level 2.4 Stealth
 + Level 2.4 Shields
 + Level 2.4 Unarmed Combat
 + Level 5.6 Spellcasting
 + Level 2.0 Conjurations
 + Level 2.0 Hexes
 + Level 2.0 Summonings
 + Level 2.0 Necromancy
 + Level 5.8 Translocations
 + Level 2.0 Transmutations
 + Level 2.0 Fire Magic
 + Level 2.0 Ice Magic
 + Level 2.0 Air Magic
 + Level 2.0 Earth Magic
 + Level 2.0 Poison Magic
 + Level 2.7 Invocations
 + Level 2.4 Evocations


You had 12 spell levels left.
You knew the following spells:

 Your Spells              Type           Power      Damage    Failure   Level
a - Blink                 Tloc           60%        N/A       1%          2
b - Teleport Other        Tloc           30%        N/A       3%          3

Your spell library contained the following spells:

 Spells                   Type           Power      Damage    Failure   Level
 Lesser Beckoning         Tloc           60%        N/A       1%          2
 Vhi's Electric Charge    Tloc/Air       44%        N/A       8%          3
 Manifold Assault         Tloc           30%        N/A       12%         4


Dungeon Overview and Level Annotations

Branches:
Dungeon (5/15)             Temple (1/1) D:4

Altars:
Ashenzari
Cheibriados
Dithmenos
Elyvilon
Fedhas
Gozag
Hepliaklqana
Kikubaaqudgha
Nemelex Xobeh
Okawaru
Qazlal
Ru
Sif Muna
Trog
Uskayaw
Vehumet
Wu Jian
Xom
The Shining One


Innate Abilities, Weirdness & Mutations

You have very sharp teeth.
Your uncanny sense of smell can sniff out nearby items.
Your experience applies equally to all skills.


Message History

The gnoll bouda gazes fiercely through you!
You feel your attacks grow feeble.
You hit the gnoll bouda.
You bite the gnoll bouda, but do no damage.
The gnoll bouda is almost dead.
The gnoll barely misses you.
The gnoll hits you from afar with a +0 halberd.
The gnoll hits you with a +0 flail.
You hit the gnoll bouda.
You kill the gnoll bouda!
Okawaru accepts your kill.
The gnoll is no longer moving quickly.
The gnoll hits you from afar with a +0 spear.
The gnoll hits you from afar with a +0 halberd.
The gnoll barely misses you.
You barely miss the gnoll.
The gnoll is no longer moving quickly.
The gnoll hits you from afar with a +0 halberd.
The gnoll closely misses you.
The gnoll hits you from afar with a +0 spear.
You are too injured to fight recklessly!
Your attacks no longer feel as feeble.
There is a stone staircase leading up, spattered with blood here.
The gnoll completely misses you.
The gnoll hits you from afar with a +0 halberd!
* * * LOW HITPOINT WARNING * * *
The gnoll hits you from afar with a +0 spear.
* * * LOW HITPOINT WARNING * * *
You climb upwards.
There is a stone staircase leading down here.
You barely miss the gnoll. The gnoll hits you with a +0 flail.
* * * LOW HITPOINT WARNING * * *
The gnoll closely misses you.
You hit the gnoll but do no damage. You bite the gnoll, but do no damage.
The gnoll closely misses you.
You barely miss the gnoll. The gnoll closely misses you.
You barely miss the gnoll. You bite the gnoll, but do no damage.
The gnoll closely misses you.
You barely miss the gnoll. You bite the gnoll, but do no damage.
The gnoll hits you with a +0 flail!
You die...

### ###.. ### #....
#.## ##...
###..###.... ###
###.....##....
#@###..........#..
##g##..............
#..................
#..................
###..........>..#..
#.......[###..###
##....#...##..###
###
#...##........##
#####.#
#...##..........


You could see a gnoll.

Vanquished Creatures
  2 scorpions (D:4)
  A necrophage (D:5)
  A jelly (D:5)
  2 hounds (D:5)
  A gnoll bouda (D:5)
  3 iguanas
  3 adders
  An ufetubus (D:4)
  6 worms
  2 dart slugs
  3 orcs
  7 endoplasms
  5 giant cockroaches
  5 hobgoblins
  8 jackals
  3 kobolds
  3 quokkas
  8 ball pythons
  10 bats
  2 frilled lizards (D:1)
  10 goblins
  13 rats
99 creatures vanquished.

Vanquished Creatures (others)
  2 plants (D:3)
2 creatures vanquished.

Grand Total: 101 creatures vanquished

Notes
Turn   | Place    | Note
-------+----------+-------------------------------------------
     0 | D:1      | kingofthe the Gnoll Warper began the quest for the Orb.
     0 | D:1      | Reached XP level 1. HP: 20/20 MP: 6/6
    34 | D:1      | You fall into a shaft and drop 1 floor!
   112 | D:2      | Reached XP level 2. HP: 26/26 MP: 7/7
   178 | D:2      | Learned a level 2 spell: Blink
   383 | D:2      | Reached skill level 5 in Spellcasting
   383 | D:2      | Reached XP level 3. HP: 31/31 MP: 7/9
   559 | D:1      | Reached skill level 1 in Invocations
   642 | D:1      | Reached skill level 1 in Short Blades
   642 | D:1      | Reached skill level 1 in Long Blades
   642 | D:1      | Reached skill level 1 in Maces & Flails
   642 | D:1      | Reached skill level 1 in Polearms
   642 | D:1      | Reached skill level 1 in Staves
   642 | D:1      | Reached skill level 1 in Ranged Weapons
   642 | D:1      | Reached skill level 1 in Stealth
   642 | D:1      | Reached skill level 1 in Shields
   642 | D:1      | Reached skill level 1 in Unarmed Combat
   642 | D:1      | Reached skill level 1 in Evocations
  1019 | D:1      | Reached XP level 4. HP: 38/38 MP: 11/11
  1186 | D:2      | Learned a level 3 spell: Teleport Other
  1694 | D:3      | Reached skill level 1 in Conjurations
  1694 | D:3      | Reached skill level 1 in Hexes
  1694 | D:3      | Reached skill level 1 in Summonings
  1694 | D:3      | Reached skill level 1 in Necromancy
  1694 | D:3      | Reached skill level 1 in Transmutations
  1694 | D:3      | Reached skill level 1 in Fire Magic
  1694 | D:3      | Reached skill level 1 in Ice Magic
  1694 | D:3      | Reached skill level 1 in Air Magic
  1694 | D:3      | Reached skill level 1 in Earth Magic
  1694 | D:3      | Reached skill level 1 in Poison Magic
  1699 | D:3      | Found a shimmering altar of Xom.
  1699 | D:3      | Found a snail-covered altar of Cheibriados.
  1810 | D:3      | Identified the +6 trident of Lusogil {pain, Will- Int+8
                  | Stlth+}
  1912 | D:3      | Found a faded altar of an unknown god.
  2305 | D:4      | Noticed a scorpion
  2312 | D:4      | Killed a scorpion
  2313 | D:4      | Reached XP level 5. HP: 26/43 MP: 12/12
  2571 | D:4      | Reached skill level 5 in Fighting
  2571 | D:4      | Reached skill level 5 in Axes
  2571 | D:4      | Reached skill level 5 in Dodging
  2571 | D:4      | Reached XP level 6. HP: 33/51 MP: 14/14
  2758 | D:4      | Found an ancient bone altar of Kikubaaqudgha.
  2758 | D:4      | Found a blossoming altar of Fedhas.
  2758 | D:4      | Found an opulent altar of Gozag.
  2898 | D:4      | Found a staircase to the Ecumenical Temple.
  2924 | Temple   | Entered the Ecumenical Temple
  3028 | Temple   | Became a worshipper of Warmaster Okawaru
  3076 | D:5      | Entered Level 5 of the Dungeon
  3373 | D:5      | Reached XP level 7. HP: 41/56 MP: 15/15
  3740 | D:4      | Slain by a gnoll

Illustrated notes

Levels and vault maps discovered:
D:1:      dpeg_arrival_snail, layout_rooms, reono_crystal_passage,
          corexii_hall_statues_l
D:2:      layout_basic, serial_glass, glass_columns_a, glass_columns_a,
          due_unseen_surprise, minmay_tiny_reverse_x
D:3:      layout_rooms, jmf_multi_god_temple,
          dreamdust_ecumenical_altar_hidden_monk_grotto
D:4:      layout_cave_pools, gammafunk_temple_overflow_claw,
          minmay_temple_entry_nine_rooms
D:5:      layout_basic, minmay_curled_crystal, uniq_duvessa
Temple:   jpeg_temple_clearing

Skill      XL: |  1  2  3  4  5  6  7 |
---------------+----------------------+-----
Spellcasting   | 5 |  5.6
Invocations    | 1 2 |  2.7
Short Blades   | 1 2 |  2.4
Long Blades    | 1 2 |  2.4
Maces & Flails | 1 2 |  2.4
Polearms       | 1 2 |  2.4
Staves         | 1 2 |  2.4
Ranged Weapons | 1 2 |  2.4
Stealth        | 1 2 |  2.4
Shields        | 1 2 |  2.4
Unarmed Combat | 1 2 |  2.4
Evocations     | 1 2 |  2.4
Conjurations   | 1 2 |  2.0
Hexes          | 1 2 |  2.0
Summonings     | 1 2 |  2.0
Necromancy     | 1 2 |  2.0
Transmutations | 1 2 |  2.0
Fire Magic     | 1 2 |  2.0
Ice Magic      | 1 2 |  2.0
Air Magic      | 1 2 |  2.0
Earth Magic    | 1 2 |  2.0
Poison Magic   | 1 2 |  2.0
Throwing       | 3 |  3.6
Armour         | 3 |  3.6
Fighting       | 5 |  5.2
Axes           | 5 |  5.2
Dodging        | 5 |  5.2
Translocations | |  5.8

Action                     |  1- 3 |  4- 6 |  7- 9 || total
---------------------------+-------+-------+-------++-------
  Melee: Hand axe          |    91 |       |       ||    91
         Bite              |    13 |    16 |     7 ||    36
         Dagger            |    41 |    53 |       ||    94
         Trident           |       |    66 |    21 ||    87
         Punch             |       |     5 |     1 ||     6
   Fire: Sling             |       |    56 |     7 ||    63
   Stab: Sleeping          |     1 |     6 |       ||     7
 Armour: Leather armour    |    48 |    31 |     3 ||    82
  Dodge: Dodged            |    85 |   109 |    22 ||   216

Table legend: (Time is in decaauts)
 A = Elapsed time spent in this place.
 B = Non-inter-level travel time spent in this place.
 C = Inter-level travel time spent in this place.
 D = Time resting spent in this place.
 E = Time spent auto-exploring this place.
 F = Levels seen in this place.
 G = Mean time per level.
                   A        B        C        D        E       F      G
               +--------+--------+--------+--------+--------+-----+--------+
         Total |   3772 |   3366 |    406 |    418 |   2149 |   6 |  628.7 |
       Dungeon |   3646 |   3286 |    360 |    418 |   2090 |   5 |  729.2 |
        Temple |    125 |     79 |     46 |      0 |     59 |   1 |  125.0 |
               +--------+--------+--------+--------+--------+-----+--------+

Top non-repeatable levels by time:
     D:4: 1082 daAuts
     D:2: 849 daAuts
     D:1: 735 daAuts
     D:3: 542 daAuts
     D:5: 436 daAuts
  Temple: 125 daAuts
